 Dungeon Crawl Stone Soup version 0.18-a0-739-gdae9da8 (webtiles) character file.

121 Raultor the Slasher (level 4, -2/34 HPs)
             Began as a Demonspawn Gladiator on Dec 10, 2015.
             Slain by Grinder (4 damage)
             ... on level 3 of the Dungeon.
             The game lasted 00:05:39 (1176 turns).

Raultor the Slasher (Demonspawn Gladiator)          Turns: 1176, Time: 00:05:40

Health: -2/34      AC: 10    Str: 16    XL:     4   Next: 76%
Magic:  4/4        EV: 12    Int:  9    God:
Gold:   196        SH:  0    Dex: 15    Spells: 0 memorised, 3 levels left

rFire  . . .     SeeInvis .     a - +0 long sword
rCold  . . .     Clarity  .     n - +0 ring mail (curse)
rNeg   . . .     SustAt   .     (no shield)
rPois  +         Gourm    .     c - +0 helmet
rElec  .         Spirit   .     (no cloak)
rCorr  .         Dismiss  .     (no gloves)
rMut   .         Stasis   .     (no boots)
MR     .....                    (no amulet)
Stlth  +.........               o - +2 ring of dexterity
                                i - ring of poison resistance {rPois, !d}

@: not resistant to hostile enchantments, very unstealthy
A: rough black scales 1, spiny 1
a: no special abilities


You were on level 3 of the Dungeon.
You were not hungry.

You visited 1 branch of the dungeon, and saw 3 of its levels.

You collected 196 gold pieces.

Inventory:

Hand Weapons
 a - a +0 long sword (weapon)
Missiles
 d - 3 throwing nets {=f, !d}
Armour
 c - a +0 helmet (worn)
 n - a cursed +0 ring mail (worn)
   (You found it on level 2 of the Dungeon)
Jewellery
 i - a ring of poison resistance (left hand) {rPois, !d}
   (You found it on level 1 of the Dungeon)
 l - a +1 ring of evasion
   (You found it on level 2 of the Dungeon)
 o - a +2 ring of dexterity (right hand)
   (You found it on level 2 of the Dungeon)
Scrolls
 g - 2 scrolls of teleportation {unknown}
 j - 2 scrolls of immolation {unknown}
 k - 2 scrolls of identify {unknown}
 q - a scroll of enchant weapon {unknown}
 u - a scroll of random uselessness {unknown}
Potions
 b - a potion of agility {unknown}
 h - 3 potions of curing {unknown}
 s - a potion of lignification {unknown}
 t - 2 potions of heal wounds {unknown}
 v - a potion of might {unknown}
Books
 r - a book of Changes
   (You found it on level 3 of the Dungeon)
Comestibles
 e - 2 bread rations {@e1}
 f - 2 meat rations {@e2}
 m - 6 chunks of flesh {@w0}
 p - 3 fruits
 w - a beef jerky


   Skills:
 + Level 2.6 Fighting
 * Level 4.0 Long Blades
 - Level 1.7 Throwing
 + Level 1.1 Armour
 + Level 3.3 Dodging


You had 3 spell levels left.
You didn't know any spells.

Dungeon Overview and Level Annotations

Branches:
Dungeon (3/15)

Altars:
Ru

Annotations:
D:3 Grinder


Innate Abilities, Weirdness & Mutations

You are partially covered in rough black scales (AC +4, Dex -1).
You are partially covered in sharp spines.


Message History

You kill the quokka!
No target in view!
You see here a giant cockroach corpse.
You butcher the giant cockroach corpse.
m - 7 chunks of flesh {@w0} (gained 2)
g - 2 scrolls labeled ICKIYSTR DINUYCK (gained 1)
u - a scroll labeled HIRISATOIW
There is a stone staircase leading up here.
You see here a dagger of flaming.
k - 2 scrolls labeled CYATWERGH MOTOAR (gained 1)
f - 2 meat rations {@e2} (gained 1)
A rat comes into view.
A quokka and a hobgoblin come into view.
The hobgoblin shouts!
The quokka misses you.
You hit the quokka.
You kill the quokka!
The rat is struck by your spines.
You kill the rat!
You slash the hobgoblin!
You kill the hobgoblin!
No target in view!
Some of the chunks of flesh in your inventory have rotted away.
Things that are here:
a club; a hobgoblin corpse You butcher the hobgoblin corpse.
m - 6 chunks of flesh {@w0} (gained 3)
You see here a club.
Put on which piece of jewellery? (? for menu, Esc to quit)
Okay, then.
p - 3 fruits (gained 2)
You now have 186 gold pieces (gained 19).
You see here 14 poisoned arrows.
v - a puce potion
w - a beef jerky You open the door.
Found a stone staircase leading down.
A hobgoblin comes into view. It is wielding a club.
The hobgoblin shouts!
There is an open door here.
You closely miss the hobgoblin.
The hobgoblin hits you but does no damage.
You closely miss the hobgoblin. The hobgoblin closely misses you.
The hobgoblin is struck by your spines. The hobgoblin barely misses you.
You hit the hobgoblin.
The hobgoblin hits you but does no damage.
You slash the hobgoblin!
You kill the hobgoblin!
No target in view!
You now have 196 gold pieces (gained 10).
A hobgoblin comes into view.
The hobgoblin is struck by your spines.
The hobgoblin hits you but does no damage.
You hit the hobgoblin. The hobgoblin is struck by your spines.
You kill the hobgoblin!
No target in view!
Grinder comes into view.
Grinder shouts!
You hit Grinder but do no damage.
Grinder gestures.
Grinder blinks!
A rat comes into view.
Grinder gestures.
Grinder blinks!
Grinder gestures.
Grinder blinks!
Grinder gestures at you. Pain shoots through your body!
You take 2 damage, and have 32/34 hp.
You closely miss Grinder. Grinder closely misses you.
You hit Grinder but do no damage. Grinder is struck by your spines.
Grinder barely misses you. The rat barely misses you.
You slash Grinder! Grinder hits you.
You writhe in agony.
The rat is struck by your spines.
You kill the rat!
You take 11 damage, and have 21/34 hp.
MASSIVE DAMAGE!!
You hit Grinder. Grinder is struck by your spines.
Grinder hits you but does no damage.
You hit Grinder but do no damage. Grinder hits you.
You writhe in agony.
Grinder gestures at you. Pain shoots through your body!
You take 7 damage, and have 14/34 hp.
MASSIVE DAMAGE!!
You slash Grinder! Grinder gestures at you.
You suddenly lose the ability to move!
Grinder hits you but does no damage. Grinder gestures at you.
Pain shoots through your body!
* * * LOW HITPOINT WARNING * * *
You can move again.
You take 8 damage, and have 6/34 hp.
MASSIVE DAMAGE!!
You barely miss Grinder. Grinder hits you but does no damage.
You hit Grinder but do no damage. Grinder is struck by your spines.
Grinder hits you.
* * * LOW HITPOINT WARNING * * *
You writhe in agony.
You die...

#####.....### #######.#..#
#..........# ..#
####....)..†..# #.#
..............# #.# #
...(........#.#####.# .
............#..(.##.## .#
.....######......##..##.##
.....# #####'#.5@†.......#
.....# #.....>..#.....##
.....# #..).....#....#...#
.....# #.........#..#....#
###### #..........###....#
#######.....###...#
#....†#..#..#
#....#....#.#
##.##.....#.#


You could see Grinder.

Vanquished Creatures
  An adder (D:3)
  2 oozes
  A worm (D:2)
  2 adder skeletons (D:2)
  An adder zombie (D:2)
  3 giant geckos
  A ball python (D:1)
  5 bats
  A bat skeleton (D:2)
  A bat zombie (D:2)
  3 giant cockroaches
  13 hobgoblins
  13 jackals
  8 kobolds
  5 quokkas
  2 giant gecko zombies (D:2)
  4 giant newts
  6 goblins
  A quokka zombie (D:2)
  10 rats
83 creatures vanquished.

Notes
Turn   | Place    | Note
--------------------------------------------------------------
     0 | D:1      | Raultor the Demonspawn Gladiator began the quest for the Orb.
     0 | D:1      | Reached XP level 1. HP: 16/16 MP: 1/1
   122 | D:1      | Reached skill level 3 in Long Blades
   124 | D:1      | Gained mutation: You are partially covered in sharp spines. [demonic ancestry]
   124 | D:1      | Reached XP level 2. HP: 22/22 MP: 2/2
   194 | D:1      | Gained mutation: You are partially covered in rough black scales (AC +4, Dex -1). [demonic ancestry]
   194 | D:1      | Reached XP level 3. HP: 27/27 MP: 3/3
   282 | D:1      | Reached skill level 3 in Dodging
   466 | D:2      | Reached skill level 1 in Armour
   550 | D:2      | Reached XP level 4. HP: 25/34 MP: 4/4
   942 | D:3      | Reached skill level 4 in Long Blades
   960 | D:3      | Found a sacrificial altar of Ru.
  1160 | D:3      | Noticed Grinder
  1172 | D:3      | Paralysed by Grinder for 3 turns
  1174 | D:3      | HP: 6/34 [Grinder/nerve-wracking pain (9)]
  1176 | D:3      | HP: 2/34 [Grinder (4)]
  1176 | D:3      | Slain by Grinder

Vault maps used:
D:1:      lemuel_arrival_muddy
D:2:      first_bread, serial_undead, serial_undead_d, serial_undead_d,
          serial_undead_f, serial_undead_b, serial_undead_d, serial_undead_c
D:3:      overflow_temple_1_default, minmay_misc_feat_chi,
          uniq_crazy_yiuf_cottage, uniq_grinder

Action                   |  1- 3 |  4- 6 || total
-------------------------+-------+-------++-------
Melee: Long sword        |    67 |    58 ||   125
  Eat: Chunk             |       |     1 ||     1

Vault maps used:
D:1:      lemuel_arrival_muddy
D:2:      first_bread, serial_undead, serial_undead_d, serial_undead_d,
          serial_undead_f, serial_undead_b, serial_undead_d, serial_undead_c
D:3:      overflow_temple_1_default, minmay_misc_feat_chi,
          uniq_crazy_yiuf_cottage, uniq_grinder

Table legend:
 A = Turns spent in this place as a percentage of turns spent in the entire game.
 B = Non-inter-level travel turns spent in this place as a percentage of non-inter-level travel turns spent in the entire game.
 C = Inter-level travel turns spent in this place as a percentage of turns spent in this place.
 D = Turns resting spent in this place as a percentage of non-inter-level travel turns spent in this place.
 E = Turns spent auto-exploring this place as a percentage of non-inter-level travel turns spent in this place.
 F = Non-inter-level travel turns spent in this place divided by the number of levels of this place that you've seen.
                   A       B       C       D       E      F
               +-------+-------+-------+-------+-------+----------------------
         Total | 100.0 | 100.0 |   0.5 |   0.5 |  16.9 | 132.3
       Dungeon | 100.0 | 100.0 |   0.5 |   0.5 |  16.9 | 132.3
               +-------+-------+-------+-------+-------+----------------------

Table legend:
 A = Kills in this place as a percentage of kills in entire the game.
 B = Kills by you in this place as a percentage of kills by you in the entire game.
 C = Kills by friends in this place as a percentage of kills by friends in the entire game.
 D = Other kills in this place as a percentage of other kills in the entire game.
 E = Experience gained in this place as a percentage of experience gained in the entire game.
 F = Experience gained in this place divided by the number of levels of this place that you have seen.
                   A       B       C       D       E      F
               +-------+-------+-------+-------+-------+----------------------
         Total | 100.0 | 100.0 |  -nan |  -nan | 100.0 |  57.7
       Dungeon | 100.0 | 100.0 |  -nan |  -nan | 100.0 |  57.7
               +-------+-------+-------+-------+-------+----------------------
